 Dungeon Crawl Stone Soup version 0.31-a0-180-g519b7de00c (webtiles) character file.

Game seed: 17365630922961587436

1078 Moral the Sneak (level 8, -1/62 HPs)
             Began as a Naga Earth Elementalist on June 20, 2023.
             Slain by an iguana (7 damage)
             ... on level 5 of the Dungeon.
             The game lasted 00:10:41 (4552 turns).

Moral the Sneak (Naga Earth Elementalist)           Turns: 4552, Time: 00:10:42

Health: -1/62      AC:  4    Str: 11    XL:     8   Next: 29%
Magic:  6/14       EV: 10    Int: 17    God:
Gold:   281        SH:  5    Dex: 12    Spells: 12/15 levels left

rFire   . . .        (no weapon)
rCold   . . .        (no shield)
rNeg    . . .        a - +0 robe
rPois   +            k - +0 helmet
rElec   .            (no cloak)
rCorr   .            (no gloves)
SInv    +            (no barding)
Will    +....        c - amulet of reflection
Stlth   +++          (no ring)
HPRegen 0.30/turn    (no ring)
MPRegen 0.14/turn

%: reflection
@: short of breath, very slow
A: AC +2, large, see invisible, deformed body, poison resistance, slowness 2,
spit poison 1, naga tail 1
a: Spit Poison


You were on level 5 of the Dungeon.
You visited 1 branch of the dungeon, and saw 5 of its levels.

You collected 281 gold pieces.

Inventory:

Missiles
 p - a throwing net
Armour
 a - a +0 robe (worn)
 k - a +0 helmet (worn)
Jewellery
 c - an amulet of reflection (around neck)
 o - an amulet of guardian spirit
 r - a ring of willpower
Wands
 u - a wand of polymorph (7)
Scrolls
 d - a scroll of amnesia
 g - a scroll of identify
 q - a scroll of noise
Potions
 b - a potion of heal wounds {unknown}
 e - 4 potions of enlightenment {unknown}
 f - a potion of haste {unknown}
 h - 3 potions of mutation {unknown}
 i - 2 potions of brilliance {unknown}
 l - 3 potions of attraction {unknown}
 s - a potion of ambrosia {unknown}
 t - a potion of degeneration {unknown}


   Skills:
 + Level 3.7 Dodging
 + Level 7.1 Stealth
 + Level 4.2 Spellcasting
 + Level 0.9 Conjurations
 + Level 4.1 Transmutations
 + Level 5.1 Earth Magic


You had 12 spell levels left.
You knew the following spells:

 Your Spells              Type           Power      Damage    Failure   Level
a - Sandblast             Erth           42%        2d11      1%          1
b - Passwall              Tmut/Erth      15%        N/A       3%          2

Your spell library contained the following spells:

 Spells                   Type           Power      Damage    Failure   Level
 Stone Arrow              Conj/Erth      28%        3d8       13%         3
 Petrify                  Tmut/Erth      19%        N/A       22%         4


Dungeon Overview and Level Annotations

Branches:
Dungeon (5/15)
 Temple: D:4-7

Altars:


Innate Abilities, Weirdness & Mutations

Your serpentine skin is tough. (AC +2)
You have supernaturally acute eyesight. (SInv)
Armour fits poorly on your strangely shaped body.
Your system is resistant to poisons. (rPois)
You cover ground very slowly.
You can spit poison.
You have a snake-like lower body.


Message History

Casting: Sandblast (safe; 1% risk of failure)
Confirm with . or Enter, or press ? or * to list all spells.
Aiming: Sandblast (safe; 1% risk of failure)
Press: ? - help, Shift-Dir - straight line, f/p - iguana
Aim: an iguana (lightly wounded, 85% to hit)
The blast of sand hits the iguana!
The iguana is heavily wounded.
You block the orc's attack. The iguana bites you!
* * * LOW HITPOINT WARNING * * *
The orc closely misses you.
The iguana hisses menacingly.
The iguana closely misses you.
Okay, then.
You are too injured to fight recklessly!
Okay, then.
Aiming: Spit Poison (1% risk of failure)
Press: ? - help, Shift-Dir - straight line, f/p - iguana
Aim: an iguana (heavily wounded, 69% to hit)
The splash of poison hits the iguana.
The iguana is severely wounded.
The iguana bites you but does no damage.
The orc barely misses you.
You are too injured to fight recklessly!
Casting: Sandblast (safe; 1% risk of failure)
Confirm with . or Enter, or press ? or * to list all spells.
Aiming: Sandblast (safe; 1% risk of failure)
Press: ? - help, Shift-Dir - straight line, f/p - iguana
Aim: an iguana (severely wounded, 85% to hit)
The blast of sand misses the iguana.
The orc hits you with a +0 falchion.
* * * LOW HITPOINT WARNING * * *
The iguana closely misses you.
Casting: Sandblast (safe; 1% risk of failure)
Confirm with . or Enter, or press ? or * to list all spells.
Aiming: Sandblast (safe; 1% risk of failure)
Press: ? - help, Shift-Dir - straight line, f/p - iguana
Aim: an iguana (severely wounded, 85% to hit)
The blast of sand hits the iguana but does no damage.
The iguana is severely wounded.
The orc hits you but does no damage. The iguana bites you!
You die...

..# #.... ####.##....^
#.... ............
#..... #.>#........
##..... #.##........
......# ###.##........
......#####...##.†......
......##........@l......
......#...#..8..#o......
.......<..##...##.......
......##..###### .......
....).>...# .......
....###...#. .......
.##.....).... .......
.....######.. .......
..##...## ##


You could see an iguana and an orc (strong).

Vanquished Creatures
  Sigmund (D:2)
  A black bear (D:4)
  Pargi (D:3)
  An ice beast (D:5)
  An ogre (D:4)
  2 scorpions
  A howler monkey (D:4)
  A jelly (D:4)
  A quasit (D:4)
  An orc priest (D:5)
  A sleepcap (D:4)
  An iguana (D:4)
  2 orc wizards (D:4)
  6 gnolls (D:3)
  2 adders
  A white imp (D:4)
  3 ufetubi (D:4)
  3 worms (D:2)
  3 dart slugs
  13 orcs
  7 ball pythons
  5 endoplasms
  2 giant cockroaches
  7 goblins
  8 hobgoblins
  3 jackals (D:4)
  8 kobolds
  A quokka (D:4)
  2 bats
  A frilled lizard (D:1)
  4 rats
94 creatures vanquished.

Notes
Turn   | Place    | Note
-------+----------+-------------------------------------------
     0 | D:1      | Moral the Naga Earth Elementalist began the quest for the
                  | Orb.
     0 | D:1      | Reached XP level 1. HP: 15/15 MP: 3/3
   139 | D:1      | Reached XP level 2. HP: 22/22 MP: 1/5
  1021 | D:2      | Reached XP level 3. HP: 19/28 MP: 1/6
  1637 | D:2      | Noticed Sigmund
  1642 | D:2      | Killed Sigmund
  1643 | D:2      | Reached skill level 4 in Stealth
  1643 | D:2      | Reached XP level 4. HP: 36/36 MP: 2/8
  1643 | D:2      | Reached XP level 5. HP: 42/42 MP: 2/9
  1783 | D:2      | Identified the +6 scale mail of the Meager God {Str+4}
  2101 | D:3      | Reached skill level 5 in Stealth
  2101 | D:3      | Reached XP level 6. HP: 37/49 MP: 4/10
  2252 | D:3      | Noticed Pargi
  2259 | D:3      | Killed Pargi
  2359 | D:3      | Learned a level 2 spell: Passwall
  2505 | D:3      | Found a faded altar of an unknown god.
  2862 | D:4      | Reached XP level 7. HP: 37/55 MP: 4/12
  3125 | D:4      | Reached skill level 6 in Stealth
  3898 | D:4      | Reached XP level 8. HP: 58/62 MP: 8/14
  4353 | D:5      | Entered Level 5 of the Dungeon
  4418 | D:5      | Reached skill level 5 in Earth Magic
  4496 | D:5      | Reached skill level 7 in Stealth
  4552 | D:5      | Slain by an iguana

Illustrated notes

Levels and vault maps discovered:
D:1:      roderic_chinese_lattice_arrival, layout_basic, dreamdust_wishing_well,
          minmay_misc_feat_diagonals, chequers_serial_rivers_room_a,
          chequers_serial_rivers_micro_b, grunt_decor_resistance
D:2:      layout_basic, uniq_sigmund
D:3:      layout_basic, shapermc_ecumenical_altar_mp_vishouse, uniq_pargi
D:4:      layout_cave_pods, serial_demonic, serial_demonic_e, serial_demonic_d,
          serial_demonic_c, serial_demonic_b
D:5:      layout_rooms, minmay_temple_entry_glass, mrwooster_statue_mirror

Skill      XL: |  1  2  3  4  5  6  7  8 |
---------------+-------------------------+-----
Dodging        | 2 3 |  3.7
Stealth        | 4 5 6 7 |  7.1
Spellcasting   | 3 4 |  4.2
Transmutations | 2 3 4 |  4.1
Earth Magic    | 4 5 |  5.1
Conjurations   | |  0.9

Action                     |  1- 3 |  4- 6 |  7- 9 || total
---------------------------+-------+-------+-------++-------
  Melee: Unarmed           |    12 |       |       ||    12
   Cast: Sandblast         |    50 |    50 |    85 ||   185
Ability: Spit Poison       |     2 |     2 |     5 ||     9
    Use: Scroll            |       |       |     5 ||     5
         Potion            |       |       |     1 ||     1
 Armour: Robe              |     5 |     6 |    30 ||    41
  Dodge: Dodged            |    17 |    10 |    53 ||    80
  Block: Other             |     4 |     6 |    21 ||    31
         Reflection        |       |     1 |       ||     1

Table legend: (Time is in decaauts)
 A = Elapsed time spent in this place.
 B = Non-inter-level travel time spent in this place.
 C = Inter-level travel time spent in this place.
 D = Time resting spent in this place.
 E = Time spent auto-exploring this place.
 F = Levels seen in this place.
 G = Mean time per level.
                   A        B        C        D        E       F      G
               +--------+--------+--------+--------+--------+-----+--------+
         Total |   5677 |   5490 |    187 |    451 |   4333 |   5 | 1135.4 |
       Dungeon |   5677 |   5490 |    187 |    451 |   4333 |   5 | 1135.4 |
               +--------+--------+--------+--------+--------+-----+--------+

Top non-repeatable levels by time:
     D:4: 2027 daAuts
     D:1: 1370 daAuts
     D:3: 1143 daAuts
     D:2: 898 daAuts
     D:5: 238 daAuts
